 Dungeon Crawl Stone Soup version 0.31-a0-692-gf03d1854d5 (webtiles) character file.

Game seed: 15841561363621832376

74 qw the Shooter (level 4, -3/28 HPs)
             Began as a Gargoyle Hunter on Sept 6, 2023.
             Slain by a goblin
             ... wielding a +0 club
             ... led by Robin
              (4 damage)
             ... on level 2 of the Dungeon.
             The game lasted 00:00:40 (1465 turns).

qw the Shooter (Gargoyle Hunter)                    Turns: 1465, Time: 00:00:41

Health: -3/28      AC: 13    Str: 15    XL:     4   Next: 30%
Magic:  4/4        EV: 16    Int:  9    God:
Gold:   83         SH:  0    Dex: 15    Spells: 3/3 levels left

rFire   . . .        Y - +0 shortbow
rCold   . . .        (shield currently unavailable)
rNeg    + . .        d - quicksilver dragon scales
rPois   inf          (no helmet)
rElec   +            (no cloak)
rCorr   .            (no gloves)
SInv    .            (no boots)
Will    +....        (no amulet)
Stlth   +            f - +5 ring of evasion
HPRegen 0.24/turn    (no ring)
MPRegen 0.09/turn

%: no passive effects
@: about to teleport
A: sickness immunity, AC +3, negative energy resistance 1, electricity
resistance, torment resistance 1, petrification resistance
a: no special abilities


You were on level 2 of the Dungeon.
You visited 1 branch of the dungeon, and saw 3 of its levels.

You collected 83 gold pieces.


Innate Abilities, Weirdness & Mutations

You are immune to sickness and miasma.
Your stone body is resilient. (AC +3)
You are immune to poison.
You resist negative energy. (rN+)
You are resistant to electric shocks. (rElec)
You are resistant to unholy torment.
You are immune to petrification.


   Skills:
 - Level 3.0 Fighting
 - Level 5.0 Ranged Weapons
 + Level 1.6 Armour
 - Level 1.5 Dodging
 - Level 1.1 Stealth


You had 3 spell levels left.
You didn't know any spells.
Your spell library was empty.

Inventory:

Hand Weapons
 Y - a +0 shortbow (weapon)
Armour
 d - quicksilver dragon scales (worn)
Jewellery
 f - a +5 ring of evasion (left hand)
Scrolls
 a - a scroll of identify
Potions
 b - 2 potions of mutation {unknown}
 c - a potion of brilliance {unknown}
 e - a potion of lignification {unknown}
 i - a potion of attraction {unknown}

Dungeon Overview and Level Annotations

Branches:
Dungeon (3/15)

Altars:

Annotations:
D:2 Robin


Message History

The goblin no longer looks unusually strong.
The hobgoblin no longer looks unusually strong.
The goblin misses you. Robin throws the goblin at you! The goblin misses you.
The goblin hits you but does no damage. The hobgoblin misses you.
The goblin barely misses you.
You shoot an arrow. The arrow barely misses the goblin.
The goblin barely misses you. The ball python completely misses you.
The ball python closely misses you. The goblin misses you.
The goblin closely misses you.
Robin roars a battlecry!
The goblins go into a battle-frenzy!
The hobgoblin misses you. The goblin barely misses you.
You shoot an arrow. The arrow hits the goblin.
You kill the goblin!
The ball python barely misses you. The ball python closely misses you.
The goblin closely misses you. x2; The goblin barely misses you.
The hobgoblin hits you but does no damage.
The ball python barely misses you. The ball python misses you.
You shoot an arrow. The arrow closely misses the goblin.
The goblin hits you but does no damage. The goblin barely misses you.
The goblin hits you but does no damage. The hobgoblin closely misses you.
The ball python completely misses you. The ball python barely misses you.
The goblin barely misses you. x2; Robin throws the goblin at you!
The goblin hits you with a +0 club. The hobgoblin misses you.
You shoot an arrow. The arrow misses the goblin.
The ball python bites you but does no damage.
The ball python closely misses you. The goblin misses you. x2
The goblin hits you with a +0 dagger. The hobgoblin hits you.
The ball python barely misses you. The ball python closely misses you.
1464 ||| READING scroll of teleportation.
As you read the scroll of teleportation, it crumbles to dust.
You feel strangely unstable. The goblin hits you but does no damage.
The ball python bites you but does no damage.
The ball python completely misses you.
The goblin hits you but does no damage. x2
The hobgoblin closely misses you.
You shoot an arrow. The arrow barely misses Robin.
The ball python bites you but does no damage.
The ball python misses you. The goblin hits you with a +0 club.
You die...

####......#####.......#......
..........#...#.......#......
#...P...###...#.......#####..
..P77P.P...).................
#.. 7P.P.##...#...#########..
.. 77P.......#...####....###
7.P#.....#####..........
7.P##..ggg......##.......
7P7.....g@g......#........
P7.##...S##......#........ 7.
#..).##......#...##### ##.##
#......#...##... ...
#......#...##... ...
#####..#...##... ..)
#..#...##... ... #..#........
#.........).


You could see Robin, a hobgoblin (strong), 3 goblins and a ball python.

Vanquished Creatures
  2 adders (D:2)
  A worm (D:2)
  2 dart slugs
  5 ball pythons
  A bat (D:1)
  3 endoplasms
  A giant cockroach (D:2)
  9 goblins
  3 hobgoblins
  4 jackals (D:2)
  4 quokkas (D:2)
  3 frilled lizards (D:2)
  5 kobolds
  4 rats
47 creatures vanquished.

Notes
Turn   | Place    | Note
-------+----------+-------------------------------------------
     0 | D:1      | qw the Gargoyle Hunter began the quest for the Orb.
     0 | D:1      | Reached XP level 1. HP: 12/12 MP: 1/1
     0 | D:1      | 0 ||| qw: Version: 0.3-a-76-g4403597
     0 | D:1      | 0 ||| qw: Game counter: 142
     0 | D:1      | 0 ||| qw: Melee chars always use a shield: true
     0 | D:1      | 0 ||| qw: God list: Okawaru
     0 | D:1      | 0 ||| qw: Allow faded altars: false
     0 | D:1      | 0 ||| qw: Do Orc after clearing Dungeon:15 true
     0 | D:1      | 0 ||| qw: Do second Lair branch before Depths: true
     0 | D:1      | 0 ||| qw: Lair rune preference: random
     0 | D:1      | 0 ||| qw: Goals: Normal
     0 | D:1      | 0 ||| PLANNING D:1-11
   103 | D:1      | Reached XP level 2. HP: 9/17 MP: 2/2
   158 | D:1      | Found a faded altar of an unknown god.
   899 | D:1      | 899 ||| UPGRADING to quicksilver dragon scales.
   909 | D:1      | 909 ||| DROPPING +0 leather armour.
   910 | D:1      | 910 ||| UPGRADING to +5 ring of evasion.
   911 | D:1      | 911 ||| READING scroll labelled PON JEDAJEETU.
   912 | D:1      | 912 ||| READING scroll labelled KAKETI YMAROTZ.
   915 | D:1      | 915 ||| DROPPING scroll of butterflies.
   967 | D:2      | Reached XP level 3. HP: 21/21 MP: 3/3
   978 | D:2      | Reached skill level 1 in Armour
  1061 | D:2      | Reached skill level 5 in Ranged Weapons
  1197 | D:2      | 1197 ||| Stepping ~*~*~tactically~*~*~ (outnumbered).
  1200 | D:2      | Reached XP level 4. HP: 27/27 MP: 4/4
  1328 | D:2      | You fall into a shaft and drop 1 floor!
  1339 | D:3      | 1339 ||| DROPPING +0 ring mail of poison resistance.
  1340 | D:3      | 1340 ||| READING 2 scrolls labelled VOR EVVESO.
  1341 | D:3      | 1341 ||| READING scroll labelled IKHLI VIDEIKO.
  1342 | D:3      | 1342 ||| READING scroll labelled DOXOMY DYPRUAT.
  1348 | D:3      | 1348 ||| FLEEEEING.
  1349 | D:3      | 1349 ||| STAIRDANCE
  1441 | D:2      | Noticed Robin
  1450 | D:2      | Reached skill level 3 in Fighting
  1463 | D:2      | HP: 6/28 [goblin/+0 dagger[Robin] (3)]
  1463 | D:2      | HP: 1/28 [hobgoblin[Robin] (5)]
  1464 | D:2      | 1464 ||| READING scroll of teleportation.
  1465 | D:2      | Slain by a goblin

Levels and vault maps discovered:
D:1:      eino_arrival_cavern_a, layout_basic, chequers_ecumenical_altar_simple,
          minmay_tall_x
D:2:      layout_basic, serial_forest, infiniplex_forest_clump_long,
          infiniplex_forest_straight_5, infiniplex_forest_lined_1,
          infiniplex_forest_straight_2, infiniplex_forest_straight_3,
          infiniplex_forest_lined_room_3, infiniplex_forest_straight_2,
          minmay_misc_feat_encased, dk_vineyard_1, minmay_tromino_v4_a,
          uniq_robin
D:3:      layout_basic, xom_redecorated

Skill      XL: |  1  2  3  4 |
---------------+-------------+-----
Armour         | 1 |  1.6
Ranged Weapons | 5 |  5.0
Fighting       | 3 |  3.0
Dodging        | |  1.5
Stealth        | |  1.1

Action                     |  1- 3 |  4- 6 || total
---------------------------+-------+-------++-------
   Fire: Shortbow          |   135 |    42 ||   177
    Use: Scroll            |     2 |     4 ||     6
 Armour: Leather armour    |    31 |       ||    31
         Quicksilver drago |    17 |    49 ||    66
  Dodge: Dodged            |    58 |    93 ||   151

Table legend:
 A = Non-vault XP
 B = Vault XP
 C = Vault XP percentage of total XP
 D = Non-vault monster count
 E = Vault monster count
 F = Vault count percentage of total count
                 A         B        C        D         E       F
            +---------+---------+-------+---------+---------+-------
      Total |      82 |      25 |  23.4 |      35 |      12 |  25.5
            +---------+---------+-------+---------+---------+-------
        D:1 |      22 |       7 |  24.1 |      13 |       4 |  23.5
        D:2 |      60 |      18 |  23.1 |      22 |       8 |  26.7
            +---------+---------+-------+---------+---------+-------
